 Dungeon Crawl Stone Soup version 0.26.0-10-g1f06aea511 (webtiles) character file.

Game seed: 3829700990353550084

189 inmateoo the Stinger (level 5, -3/37 HPs)
             Began as a Gnoll Venom Mage on Jan 26, 2021.
             Was an Initiate of Makhleb.
             Slain by a mummy (9 damage)
             ... in an ossuary.
             The game lasted 00:05:06 (2402 turns).

inmateoo the Stinger (Gnoll Venom Mage)             Turns: 2402, Time: 00:05:06

Health: -3/37      AC:  2    Str: 10    XL:     5   Next: 68%
Magic:  0/12       EV: 15    Int: 18    God:    Makhleb [......]
Gold:   132        SH:  0    Dex: 16    Spells: 1/14 levels left

rFire    . . .     SeeInvis .     - Unarmed
rCold    . . .     Faith    .   (no shield)
rNeg     + . .     Spirit   +   a - +0 robe
rPois    .         Reflect  .   (no helmet)
rElec    .         Harm     .   (no cloak)
rCorr    .         Rampage  .   (no gloves)
Will     .....                  (no boots)
Stlth    +++.......             n - amulet of guardian spirit
HPRegen  0.12/turn              h - ring of positive energy
MPRegen  0.13/turn              (no ring)

@: no status effects
A: distributed training, fangs 1, strong nose
a: Renounce Religion


You were in an ossuary.
You worshipped Makhleb.
Makhleb was noncommittal.
You visited 2 branches of the dungeon, and saw 5 of its levels.
You also visited: Ossuary.

You collected 132 gold pieces.

Inventory:

Armour
 a - a +0 robe (worn)
 j - a +0 buckler
Jewellery
 h - a ring of positive energy (left hand)
 n - an amulet of guardian spirit (around neck)
 q - a cursed -4 ring of strength {unknown}
Scrolls
 b - 3 scrolls of identify
 f - 3 scrolls of teleportation
 g - 4 scrolls of amnesia {unknown}
 i - a scroll of fear {unknown}
 k - 2 scrolls of enchant armour {unknown}
 m - a scroll of random uselessness {unknown}
 o - a scroll of fog {unknown}
 s - 2 scrolls of noise {unknown}
 t - a scroll of remove curse {unknown}
 u - a scroll of magic mapping {unknown}
 w - a scroll of blinking {unknown}
 y - a scroll of silence {unknown}
Potions
 c - a potion of resistance
 d - a potion of cancellation {unknown}
 e - 2 potions of degeneration {unknown}
 l - 2 potions of curing {unknown}
 p - a potion of might {unknown}
 r - a potion of brilliance {unknown}
 v - a potion of haste {unknown}
 x - a potion of attraction {unknown}
 z - 2 potions of heal wounds {unknown}
 A - a potion of ambrosia {unknown}


   Skills:
 + Level 1.6 Fighting
 + Level 1.6 Short Blades
 + Level 1.6 Long Blades
 + Level 1.6 Axes
 + Level 1.6 Maces & Flails
 + Level 1.6 Polearms
 + Level 1.6 Staves
 + Level 1.6 Slings
 + Level 1.6 Bows
 + Level 1.6 Crossbows
 + Level 1.6 Throwing
 + Level 1.6 Armour
 + Level 4.8 Dodging
 + Level 4.4 Stealth
 + Level 1.6 Shields
 + Level 1.6 Unarmed Combat
 + Level 5.2 Spellcasting
 + Level 1.2 Conjurations
 + Level 1.2 Hexes
 + Level 1.2 Summonings
 + Level 1.2 Necromancy
 + Level 1.2 Translocations
 + Level 2.4 Transmutations
 + Level 1.2 Fire Magic
 + Level 1.2 Ice Magic
 + Level 1.2 Air Magic
 + Level 1.2 Earth Magic
 + Level 5.5 Poison Magic
 + Level 1.8 Invocations
 + Level 1.6 Evocations


You had one spell level left.
You knew the following spells:

 Your Spells              Type           Power        Failure   Level
a - Sting                 Tmut/Pois      76%          2%          1
b - Poisonous Vapours     Pois/Air       34%          4%          2
c - Ignite Poison         Fire/Tmut/Pois 15%          11%         3
d - Mephitic Cloud        Conj/Pois/Air  14%          13%         3
e - Olgreb's Toxic Radia  Pois           24%          13%         4

Your spell library contained the following spells:

 Spells                   Type           Power        Failure   Level


Dungeon Overview and Level Annotations

Branches:
Dungeon (4/15)             Temple (1/1) D:4         Ossuary (1/1)

Altars:
Ashenzari
Cheibriados
Dithmenos
Gozag
Hepliaklqana
Makhleb
Okawaru
Qazlal
Sif Muna
Trog
Uskayaw
Zin
The Shining One


Innate Abilities, Weirdness & Mutations

Your experience applies equally to all skills.
You have very sharp teeth.
Your uncanny sense of smell can sniff out nearby items.


Message History

y - a scroll labelled GAIRAEPNIYBU The mummy barely misses you.
You see here a scroll of identify.
b - 3 scrolls of identify (gained 1)
You see here a viscous coppery potion.
z - a viscous coppery potion You see here a sedimented coppery potion.
l - 2 sedimented coppery potions (gained 1)
The mummy misses you.
There are no items here.
You see here an orange potion.
A - an orange potion The mummy hits you!
The mummy barely misses you. The mummy hits you!
* * * LOW HITPOINT WARNING * * *
You see here a viscous coppery potion.
z - 2 viscous coppery potions (gained 1)
The mummy hits you!
You die...

#.....##....##.....
#..................
##................#
##..............##
#'##.M......##M#
##..##......##..##
##....##....##....#
##......#....#......
#$.@....#....#..Z...
#$.MMM..#....#..M.Z.
#$$.....#....#...M.$
##$.....#....#.....$
#$$...##....##...$$
##$...##....##...$#
#$..###.∩∩.###.M.#
##### ###### #####


You could see 3 mummies.

Vanquished Creatures
  An orc wizard (D:3)
  A mummy (D:4)
  3 gnolls (D:3)
  3 adders
  A shadow imp (D:4)
  2 oozes
  A worm (D:2)
  3 dart slugs
  2 leopard geckos (D:2)
  4 orcs (D:3)
  2 giant cockroaches
  2 gnoll zombies (Ossuary)
  5 goblins
  2 hobgoblins
  4 jackals
  9 kobolds
  3 quokkas
  3 ball pythons
  3 bats
  A frilled lizard (D:3)
  3 hobgoblin zombies (Ossuary)
  An orc zombie (Ossuary)
  7 rats
66 creatures vanquished.

Notes
Turn   | Place    | Note
-------+----------+-------------------------------------------
     0 | D:1      | inmateoo the Gnoll Venom Mage began the quest for the Orb.
     0 | D:1      | Reached XP level 1. HP: 13/13 MP: 6/6
   106 | D:1      | Reached XP level 2. HP: 19/19 MP: 5/7
   223 | D:1      | Learned a level 2 spell: Poisonous Vapours
   347 | D:2      | Reached XP level 3. HP: 16/25 MP: 2/9
   468 | D:2      | Reached skill level 5 in Spellcasting
   685 | D:2      | Reached skill level 1 in Invocations
   831 | D:2      | Reached skill level 1 in Fighting
   831 | D:2      | Reached skill level 1 in Short Blades
   831 | D:2      | Reached skill level 1 in Long Blades
   831 | D:2      | Reached skill level 1 in Axes
   831 | D:2      | Reached skill level 1 in Maces & Flails
   831 | D:2      | Reached skill level 1 in Polearms
   831 | D:2      | Reached skill level 1 in Staves
   831 | D:2      | Reached skill level 1 in Slings
   831 | D:2      | Reached skill level 1 in Bows
   831 | D:2      | Reached skill level 1 in Crossbows
   831 | D:2      | Reached skill level 1 in Throwing
   831 | D:2      | Reached skill level 1 in Armour
   831 | D:2      | Reached skill level 1 in Shields
   831 | D:2      | Reached skill level 1 in Unarmed Combat
   831 | D:2      | Reached skill level 1 in Evocations
   982 | D:2      | Reached XP level 4. HP: 32/32 MP: 7/11
  1222 | D:3      | Reached skill level 1 in Conjurations
  1222 | D:3      | Reached skill level 1 in Hexes
  1222 | D:3      | Reached skill level 1 in Summonings
  1222 | D:3      | Reached skill level 1 in Necromancy
  1222 | D:3      | Reached skill level 1 in Translocations
  1222 | D:3      | Reached skill level 1 in Fire Magic
  1222 | D:3      | Reached skill level 1 in Ice Magic
  1222 | D:3      | Reached skill level 1 in Air Magic
  1222 | D:3      | Reached skill level 1 in Earth Magic
  1529 | D:3      | Reached XP level 5. HP: 37/37 MP: 9/12
  1546 | D:3      | Found an iron altar of Okawaru.
  1890 | D:4      | Learned a level 3 spell: Ignite Poison
  1894 | D:4      | Learned a level 3 spell: Mephitic Cloud
  1899 | D:4      | Learned a level 4 spell: Olgreb's Toxic Radiance
  1983 | D:4      | Found a staircase to the Ecumenical Temple.
  1988 | Temple   | Entered the Ecumenical Temple
  2038 | Temple   | Became a worshipper of Makhleb the Destroyer
  2134 | D:4      | Found a sand-covered staircase.
  2205 | Ossuary  | Entered an ossuary
  2402 | Ossuary  | Slain by a mummy

Illustrated notes

Levels and vault maps discovered:
D:1:      mrwooster_arrival_statue_3, layout_rooms, minmay_misc_feat_columns,
          minmay_split_cup_small
D:2:      layout_basic
D:3:      layout_rooms, old_standard_altar
D:4:      layout_basic, minmay_temple_entry_glassed_door,
          gup_ossuary_entry_pyramid, gammafunk_ghost_grave
Temple:   nicolae_temple_elliptical
Ossuary:  ossuary_tomb_3

Skill      XL: |  1  2  3  4 |
---------------+-------------+-----
Transmutations | 2 |  2.4
Spellcasting   | 5 |  5.2
Invocations    | 1 |  1.8
Fighting       | 1 |  1.6
Short Blades   | 1 |  1.6
Long Blades    | 1 |  1.6
Axes           | 1 |  1.6
Maces & Flails | 1 |  1.6
Polearms       | 1 |  1.6
Staves         | 1 |  1.6
Slings         | 1 |  1.6
Bows           | 1 |  1.6
Crossbows      | 1 |  1.6
Throwing       | 1 |  1.6
Armour         | 1 |  1.6
Shields        | 1 |  1.6
Unarmed Combat | 1 |  1.6
Evocations     | 1 |  1.6
Conjurations   | 1 |  1.2
Hexes          | 1 |  1.2
Summonings     | 1 |  1.2
Necromancy     | 1 |  1.2
Translocations | 1 |  1.2
Fire Magic     | 1 |  1.2
Ice Magic      | 1 |  1.2
Air Magic      | 1 |  1.2
Earth Magic    | 1 |  1.2
Dodging        | |  4.8
Stealth        | |  4.4
Poison Magic   | |  5.5

Action                   |  1- 3 |  4- 6 || total
-------------------------+-------+-------++-------
Melee: Unarmed           |    14 |    55 ||    69
       Bite              |     1 |     6 ||     7
 Cast: Sting             |    59 |    37 ||    96
       Poisonous Vapours |     1 |     7 ||     8
       Mephitic Cloud    |       |     3 ||     3
       Ignite Poison     |       |     2 ||     2
  Use: Scroll            |       |     3 ||     3
 Stab: Sleeping          |     1 |     1 ||     2
       Distracted        |       |     1 ||     1
Armor: Robe              |     2 |     2 ||     4
Dodge: Dodged            |    52 |    51 ||   103
